 Dungeon Crawl Stone Soup version 0.32-a0-876-gcfddb08e57 (webtiles) character file.

Game seed: 4238629807168997464

707 smashvw the Ruffian (level 7, -6/52 HPs)
             Began as a Red Draconian Shapeshifter on Apr 1, 2024.
             Shot with an arrow by a centaur (8 damage)
             ... on level 5 of the Dungeon.
             The game lasted 00:06:50 (3988 turns).

smashvw the Ruffian (Red Draconian Shapeshifter)    Turns: 3988, Time: 00:06:50

Health: -6/52      AC:  6    Str: 18    XL:     7   Next: 40%
Magic:  7/7        EV: 11    Int: 11    God:
Gold:   246        SH:  0    Dex: 10    Spells: 6/6 levels left

rFire   + .          .
                       - Unarmed
rCold   . . .        (no shield)
rNeg    . . .        (body armour unavailable)
rPois   +            (helmet currently unavailable)
rElec   .            (cloak currently unavailable)
rCorr   .            (gloves currently unavailable)
SInv    .            (boots currently unavailable)
Will    .....        (no amulet)
Stlth   +            v - +4 ring of slaying
HPRegen 0.28/turn    h - ring of poison resistance
MPRegen 0.10/turn

%: no passive effects
@: beast-form
A: beast (slay +3), combustion breath, AC +6, unfitting armour, fire resistance
1, cold-blooded
a: Combustion Breath, Begin Untransformation


You were on level 5 of the Dungeon.
You were a hulking beast.
You visited 2 branches of the dungeon, and saw 6 of its levels.

You collected 246 gold pieces.

Inventory:

Missiles
 k - a throwing net (quivered)
Jewellery
 h - a ring of poison resistance (right hand)
 s - a ring of see invisible
 v - a +4 ring of slaying (left hand)
Talismans
 b - a beast talisman (active)
 c - a flux talisman
 p - a serpent talisman
Scrolls
 e - a scroll of fear {unknown}
 f - 4 scrolls of identify {unknown}
 g - a scroll of teleportation {unknown}
 j - a scroll of vulnerability {unknown}
 l - a scroll of amnesia {unknown}
 m - a scroll of revelation {unknown}
 o - a scroll of butterflies {unknown}
 q - 3 scrolls of enchant armour {unknown}
 r - 2 scrolls of enchant weapon {unknown}
Potions
 a - 2 potions of lignification
 d - 3 potions of resistance {unknown}
 i - 2 potions of curing {unknown}
 n - a potion of might {unknown}
 t - 2 potions of invisibility {unknown}
 u - a potion of haste {unknown}


   Skills:
 - Level 1.1 Fighting
 - Level 1.7 Dodging
 + Level 6.5 Unarmed Combat
 + Level 6.1 Shapeshifting


You had 6 spell levels left.
You didn't know any spells.
Your spell library was empty.

Dungeon Overview and Level Annotations

Branches:
Dungeon (5/15)             Temple (1/1) D:4

Altars:
Ashenzari
Cheibriados
Dithmenos
Elyvilon
Fedhas
Hepliaklqana
Kikubaaqudgha
Makhleb
Nemelex Xobeh
Okawaru
Ru
Sif Muna
Trog
Uskayaw
Vehumet
Yredelemnul
Zin
The Shining One


Innate Abilities, Weirdness & Mutations

You are a hulking beast.
Your limbs bulge with bestial killing power. (Slay +3)
You can breathe blasts of explosive embers.
Your fiery red scales are hard. (AC +6)
You cannot fit into any form of body armour.
Your flesh is heat resistant. (rF+)
You are cold-blooded and may be slowed by cold attacks.


Message History

An iguana comes into view.
The iguana hisses angrily.
The iguana hisses menacingly.
The iguana closely misses you.
You barely miss the iguana.
You tail-slap the iguana, but do no damage.
The iguana bites you but does no damage.
You punch the iguana!
You tail-slap the iguana, but do no damage.
The iguana is moderately wounded.
The iguana bites you!
You hit the iguana but do no damage. You tail-slap the iguana.
The iguana is severely wounded.
The iguana bites you.
You hit the iguana. You tail-slap the iguana.
You kill the iguana!
No target in view!
No target in view!
A centaur comes into view.
The centaur wields a +0 orcbow.
The centaur shoots an arrow.
The arrow hits you!
A centaur is nearby!
The centaur shoots an arrow.
The arrow hits you!
The centaur shoots an arrow.
The arrow barely misses you.
The centaur shoots an arrow.
The arrow barely misses you.
The centaur shoots an arrow.
The arrow hits you.
The centaur shoots an arrow.
The arrow completely misses you.
The centaur shoots an arrow.
The arrow barely misses you.
The centaur shoots an arrow.
The arrow misses you.
The centaur shoots an arrow.
The arrow hits you.
The centaur shoots an arrow.
The arrow hits you.
The centaur shoots an arrow.
The arrow hits you!
The centaur shoots an arrow.
The arrow hits you!
* * * LOW HITPOINT WARNING * * *
The centaur shoots an arrow.
The arrow barely misses you.
The centaur shoots an arrow.
The arrow barely misses you.
The centaur shoots an arrow.
The arrow hits you!
* * * LOW HITPOINT WARNING * * *
The centaur shoots an arrow.
The arrow hits you!
You die...

######################### #
#.......#..........#....# +
#.......#..........#....# #
#.......#..........#....#
#######......###h...##...####.#
##...##..c...###....#########.###
##..............c...............#
................................#
................................#
###############.....##..........#
#.....#......#########..........#
#.....#......'......##.....##...#
#.....'......#......##.....##...#


You could see a centaur.

Vanquished Creatures
  A centaur (D:5)
  3 scorpions
  A howler monkey (D:5)
  A bombardier beetle (D:5)
  A hound (D:5)
  2 orc priests (D:5)
  A sleepcap (D:5)
  Jessica (D:2)
  3 iguanas
  4 adders
  2 ufetubi (D:5)
  6 dart slugs
  A ribbon worm (D:4)
  12 orcs
  5 bats
  An endoplasm (D:1)
  2 giant cockroaches
  8 hobgoblins
  15 jackals
  2 quokkas
  7 ball pythons
  5 frilled lizards
  9 goblins
  4 kobolds (D:1)
  5 rats
102 creatures vanquished.

Notes
Turn   | Place    | Note
-------+----------+-------------------------------------------
     0 | D:1      | smashvw the Draconian Shapeshifter began the quest for the
                  | Orb.
     0 | D:1      | Reached XP level 1. HP: 16/16 MP: 1/1
   127 | D:1      | Reached XP level 2. HP: 23/23 MP: 2/2
   620 | D:1      | Reached XP level 3. HP: 28/28 MP: 3/3
  1151 | D:2      | Noticed Jessica
  1164 | D:2      | Killed Jessica
  1165 | D:2      | Reached XP level 4. HP: 24/35 MP: 4/4
  2046 | D:3      | Found a bloodstained altar of Trog.
  2447 | D:4      | Noticed a scorpion
  2476 | D:4      | Found a staircase to the Ecumenical Temple.
  2492 | Temple   | Entered the Ecumenical Temple
  2509 | D:4      | Noticed a scorpion
  2522 | D:4      | Killed a scorpion
  2523 | D:4      | Reached XP level 5. HP: 38/40 MP: 5/5
  2570 | D:4      | Found a glowing golden altar of the Shining One.
  2575 | D:4      | Found a white marble altar of Elyvilon.
  2595 | D:4      | Reached skill level 5 in Unarmed Combat
  2890 | D:4      | Found a snail-covered altar of Cheibriados.
  2975 | D:4      | Reached skill level 5 in Shapeshifting
  2975 | D:4      | Reached XP level 6. HP: 26/47 MP: 6/6
  3174 | D:5      | Entered Level 5 of the Dungeon
  3567 | D:5      | Your scales start taking on a fiery red colour.
  3567 | D:5      | Reached XP level 7. HP: 41/52 MP: 7/7
  3567 | D:5      | Gained mutation: Your flesh is heat resistant. (rF+) [Red
                  | Draconian growth]
  3987 | D:5      | HP: 2/52 [centaur/arrow (13)]
  3988 | D:5      | Shot with an arrow by a centaur

Illustrated notes

Levels and vault maps discovered:
D:1:      tarquinn_simple_flora_water_f, layout_loops_corners, minivault_25
D:2:      layout_basic, uniq_jessica
D:3:      layout_basic, mainiacjoe_overflow_paths, grunt_ministairs_1
D:4:      layout_rooms, cheibriados_altar_1, grunt_temple_overflow_open,
          minmay_temple_entry_statues_fountains,
          nicolae_concentric_dashed_squares_mild
D:5:      layout_gridville, regret_index_xom_of_box
Temple:   minmay_temple_curvy_branch

Skill      XL: |  1  2  3  4  5  6  7 |
---------------+----------------------+-----
Unarmed Combat | 4 5 6 |  6.5
Shapeshifting  | 4 5 6 |  6.1
Fighting       | |  1.1
Dodging        | |  1.7

Action                     |  1- 3 |  4- 6 |  7- 9 || total
---------------------------+-------+-------+-------++-------
  Melee: Unarmed           |   112 |   177 |    28 ||   317
         Tailslap          |    10 |    31 |     6 ||    47
         Punch             |     3 |     6 |       ||     9
   Stab: Sleeping          |     1 |       |       ||     1
 Armour: Skin              |    69 |    91 |    38 ||   198
  Dodge: Dodged            |    81 |    96 |    40 ||   217

Table legend: (Time is in decaauts)
 A = Elapsed time spent in this place.
 B = Non-inter-level travel time spent in this place.
 C = Inter-level travel time spent in this place.
 D = Time resting spent in this place.
 E = Time spent auto-exploring this place.
 F = Levels seen in this place.
 G = Mean time per level.
                   A        B        C        D        E       F      G
               +--------+--------+--------+--------+--------+-----+--------+
         Total |   3967 |   3846 |    121 |    151 |   3062 |   6 |  661.2 |
       Dungeon |   3966 |   3845 |    121 |    151 |   3062 |   5 |  793.2 |
        Temple |      1 |      1 |      0 |      0 |      0 |   1 |    1.0 |
               +--------+--------+--------+--------+--------+-----+--------+

Top non-repeatable levels by time:
     D:1: 1128 daAuts
     D:4: 816 daAuts
     D:2: 693 daAuts
     D:5: 682 daAuts
     D:3: 645 daAuts
  Temple: 1 daAuts
